Map: Laboratori Avalon

Players

PanKaktus

  • Race: Protoss Protoss

Suweren

  • Race: Terran Terran
  • League: Gold

Giewont

  • Race: Terran Terran

RaZoR - Winner!

  • Race: Protoss Protoss

Jhyrachy - Winner!

  • Race: Zerg Zerg
  • League: Gold

GennaroBullo - Winner!

  • Race: Terran Terran

VOD

Have the link to the VOD?

Description

Time

  • Played on: May 26, 2016, 3:42 p.m.
  • Length: 14:50
Show
View Real Time Build Order
Export as new Build Order

PanKaktus Protoss 

Build Orders: Oracle Opening 

Get SALT Encoding   

  12  0:03  Probe (Chrono Boost)  
  13  0:13  Probe (Chrono Boost)  
  14  0:22  Pylon  
  14  0:24  Probe (Chrono Boost)  
  15  0:40  Gateway  
  15  0:43  Assimilator  
  15  0:46  Probe (Chrono Boost)  
  16  1:00  Probe (Chrono Boost)  
  17  1:21  Pylon  
  17  1:24  Probe (Chrono Boost)  
  18  1:28  Zealot (Chrono Boost)  
  20  1:33  Cybernetics Core  
  20  1:34  Probe (Chrono Boost)  
  21  1:44  Probe (Chrono Boost)  
  22  1:51  Assimilator  
  22  1:54  Zealot (Chrono Boost)  
  22  1:56  Probe  
  25  2:07  Pylon  
  25  2:08  Probe  
  25  2:11  Protoss Air Weapons Level 1 (Chrono Boost)  
  26  2:48  Stargate  
  26  2:57  Mothership Core  
  28  3:12  Adept  
  30  3:36  Nexus  
  30  3:38  Probe  
  30  3:39  Adept  
  30  3:40  Oracle (Chrono Boost)  
  36  3:53  Pylon  
  36  3:55  Pylon  
  36  3:56  Pylon  
  36  3:58  Assimilator  
  36  4:03  Assimilator  
  36  4:06  Adept  
  38  4:16  Void Ray (Chrono Boost)  
  42  4:41  Probe  
  43  4:53  Probe  
  43  4:54  Void Ray (Chrono Boost)  
  48  5:05  Probe  
  49  5:17  Probe  
  50  5:29  Probe  
  51  5:37  Void Ray (Chrono Boost)  
  51  5:41  Probe x2 (Chrono Boost)  
  57  5:52  Probe x2 (Chrono Boost)  
  59  6:02  Probe (Chrono Boost)  
  59  6:03  Probe (Chrono Boost)  
  61  6:10  Stargate  
  61  6:13  Probe x2 (Chrono Boost)  
  63  6:23  Probe (Chrono Boost)  
  63  6:24  Probe (Chrono Boost)  
  49  6:49  Void Ray (Chrono Boost)  
  53  6:56  Probe (Chrono Boost)  
  53  6:57  Probe (Chrono Boost)  
  55  7:07  Probe x2 (Chrono Boost)  
  57  7:13  Void Ray (Chrono Boost)  
  61  7:17  Probe x2 (Chrono Boost)  
  63  7:29  Probe x2 (Chrono Boost)  
  65  7:30  Void Ray (Chrono Boost)  
  69  7:40  Probe x2 (Chrono Boost)  
  71  7:51  Probe x2 (Chrono Boost)  
  73  7:54  Void Ray  
  77  7:58  Nexus  
  77  8:01  Probe x2 (Chrono Boost)  
  77  8:03  Assimilator  
  66  8:08  Assimilator  
  66  8:12  Probe x2 (Chrono Boost)  
  66  8:22  Probe x2 (Chrono Boost)  
  68  8:33  Probe x2 (Chrono Boost)  
  70  8:43  Probe (Chrono Boost)  
  70  8:44  Probe (Chrono Boost)  
  72  8:54  Probe (Chrono Boost)  
  73  8:56  Fleet Beacon  
  73  9:10  Probe (Chrono Boost)  
  74  9:19  Void Ray  
  74  9:21  Probe (Chrono Boost)  
  79  9:29  Void Ray  
  83  9:32  Probe (Chrono Boost)  
  81  9:42  Probe (Chrono Boost)  
  82  9:53  Probe (Chrono Boost)  
  46  11:07  Probe (Chrono Boost)  
  47  11:17  Probe (Chrono Boost)  
  48  11:21  Phoenix x2 (Chrono Boost)  
  52  11:26  Probe  
  53  11:36  Probe  
  54  11:44  Phoenix x2 (Chrono Boost)  
  58  11:47  Probe  
  59  12:05  Phoenix (Chrono Boost)  
  59  12:06  Phoenix (Chrono Boost)  
  42  12:27  Phoenix (Chrono Boost)  
  42  12:28  Phoenix (Chrono Boost)  
  46  12:49  Phoenix (Chrono Boost)  
  50  12:53  Phoenix (Chrono Boost)  
  50  13:10  Phoenix (Chrono Boost)  
  52  13:18  Phoenix (Chrono Boost)  
  54  13:32  Phoenix (Chrono Boost)  
  58  13:43  Phoenix (Chrono Boost)  
  34  13:54  Phoenix (Chrono Boost)  
  36  14:08  Phoenix (Chrono Boost)  
  38  14:16  Phoenix (Chrono Boost)  
Show
View Real Time Build Order
Export as new Build Order

Suweren Terran 

Build Orders: Liberator Opening, MMM Bio 

Get SALT Encoding   

  12  0:08  SCV  
  13  0:20  SCV  
  14  0:32  SCV  
  15  0:38  Supply Depot  
  15  0:52  Refinery  
  15  0:54  Refinery  
  15  1:00  SCV  
  15  1:01  Barracks  
  16  1:12  SCV  
  17  1:24  SCV  
  18  1:36  SCV  
  19  1:48  SCV  
  19  1:50  Supply Depot  
  19  1:54  Marine  
  21  1:59  Factory  
  21  2:00  SCV  
  22  2:12  SCV  
  23  2:24  Barracks  
  23  2:25  Barracks, SCV  
  24  2:34  Barracks Tech Lab  
  24  2:45  Starport, Factory Reactor  
  24  2:55  Stimpack  
  24  3:24  Barracks Reactor x2  
  24  3:48  Liberator  
  24  4:05  Medivac  
  29  4:10  Marine x2  
  31  4:17  Supply Depot  
  31  4:20  Supply Depot  
  31  4:38  Marine x5, Medivac  
  38  4:56  Marine x5  
  43  5:14  Marine x3  
  44  5:15  Factory Tech Lab  
  44  5:18  Supply Depot  
  46  5:40  Medivac, Orbital Command  
  48  5:44  Siege Tank  
  48  5:47  Marine x3  
  48  5:48  Marine  
  55  5:52  Supply Depot  
  55  5:53  Supply Depot  
  55  5:58  Engineering Bay  
  55  6:13  Marine  
  56  6:19  Liberator x2  
  56  6:37  Terran Infantry Weapons Level 1  
  62  6:51  Marine x2  
  62  6:52  Marine x3  
  62  6:53  Combat Shields  
  64  7:21  Liberator x2  
  51  7:57  Starport  
  51  7:58  Starport  
  51  8:00  Command Center  
  51  8:19  Armory  
  51  8:22  Supply Depot  
  51  8:36  Starport Reactor x2  
  51  9:09  Terran Ship Weapons Level 1  
  51  9:25  Marine x5  
  56  10:02  Orbital Command  
  56  10:17  Viking x2  
  56  10:18  Viking x4  
  68  11:22  Terran Ship Weapons Level 2  
  68  12:21  Liberator x3  
  77  13:11  Liberator  
Show
View Real Time Build Order
Export as new Build Order

Giewont Terran 

Build Orders: MMM Bio 

Get SALT Encoding   

  12  0:05  SCV  
  13  0:17  SCV  
  14  0:25  Supply Depot  
  14  0:29  SCV  
  14  0:32  Refinery  
  15  0:46  SCV  
  16  0:53  Supply Depot  
  16  0:58  SCV  
  16  1:02  Barracks  
  17  1:31  SCV  
  18  1:38  Refinery  
  18  1:43  SCV  
  19  1:49  Barracks Reactor  
  19  1:55  SCV  
  20  2:08  SCV  
  21  2:14  Factory  
  21  2:21  SCV  
  22  2:28  Marine x2  
  24  2:33  SCV  
  25  2:45  Marine  
  25  2:46  Marine  
  27  2:55  Barracks  
  27  2:59  Engineering Bay  
  27  3:03  Marine x2  
  29  3:06  Armory  
  29  3:14  Supply Depot  
  29  3:18  Factory Reactor  
  29  3:19  Widow Mine  
  31  3:35  Marine x2  
  31  3:36  SCV  
  34  3:41  Supply Depot  
  34  3:48  Widow Mine, SCV  
  35  3:50  Barracks Tech Lab  
  37  4:03  Supply Depot  
  37  4:31  Command Center  
  37  4:32  Factory Reactor  
  37  4:34  Stimpack  
  37  4:39  Terran Infantry Weapons Level 1  
  37  4:51  Marauder  
  39  4:53  Marine x2  
  41  5:12  Widow Mine x2  
  41  5:13  Marauder  
  47  5:27  Factory  
  47  5:33  Orbital Command  
  47  5:40  Widow Mine x2  
  51  5:45  SCV  
  52  5:57  SCV  
  53  6:09  SCV  
  54  6:21  SCV  
  46  6:33  SCV  
  46  6:34  Terran Infantry Armor Level 1  
  46  6:35  Combat Shields  
  47  6:45  SCV  
  43  6:57  SCV  
  44  7:03  Missile Turret  
  44  7:09  SCV  
  45  7:21  SCV  
  46  7:25  Missile Turret  
  46  7:27  Missile Turret  
  46  7:31  SCV  
  46  7:33  SCV  
  48  7:45  Missile Turret, SCV  
  48  7:49  Missile Turret  
  48  7:50  SCV  
  50  7:54  Concussive Shells  
  50  7:58  SCV  
  51  8:02  SCV  
  52  8:09  Missile Turret x2  
  52  8:10  SCV  
  52  8:11  Factory Tech Lab  
  53  8:14  SCV  
  54  8:23  SCV  
  54  8:27  SCV  
  56  8:30  Missile Turret  
  56  8:35  SCV  
  56  8:39  SCV  
  58  8:47  SCV  
  59  8:50  Terran Infantry Weapons Level 2  
  59  8:51  SCV  
  60  8:57  Marine x3  
  60  8:59  SCV  
  64  9:03  SCV  
  65  9:11  SCV  
  65  9:12  Siege Tank  
  65  9:15  Marine x3  
  72  9:33  Marine x3  
  75  9:44  Siege Tank  
  78  10:17  Missile Turret, Siege Tank  
  81  10:24  Marauder  
  81  10:25  Marine x2  
  85  10:37  Missile Turret  
  85  10:43  Marine x2  
  85  10:45  Marauder  
  89  10:58  Missile Turret  
  89  11:00  Marine  
  89  11:01  Marine  
  91  11:05  Terran Infantry Armor Level 2  
  91  11:07  Marauder  
  93  11:18  Marine  
  93  11:19  Missile Turret  
  94  11:31  Marine, Marauder, Siege Tank  
  100  11:35  Command Center  
  100  11:39  Missile Turret  
  100  11:42  Refinery  
  100  11:44  Refinery  
  100  11:45  SCV  
  101  11:53  Marauder  
  103  11:57  SCV  
  103  12:00  Armory  
  104  12:03  Widow Mine, Siege Tank  
  109  12:09  SCV  
  109  13:11  Supply Depot  
  109  13:29  Siege Tank  
  109  13:30  Widow Mine x2  
  109  13:34  Supply Depot  
  95  13:35  Supply Depot  
  58  13:57  Supply Depot x2  
  58  13:58  Widow Mine  
  58  13:59  Widow Mine  
  58  14:01  Siege Tank  
Show
View Real Time Build Order
Export as new Build Order

RaZoR Protoss - Winner!

Build Orders: 1 Gate Expand, Blink Stalkers, Colossus Rush 

Get SALT Encoding   

  12  0:01  Probe (Chrono Boost)  
  13  0:12  Probe (Chrono Boost)  
  14  0:19  Pylon  
  14  0:22  Probe (Chrono Boost)  
  15  0:37  Probe (Chrono Boost)  
  16  0:46  Gateway  
  16  0:47  Probe (Chrono Boost)  
  17  0:58  Assimilator, Probe (Chrono Boost)  
  18  1:08  Probe (Chrono Boost)  
  19  1:19  Probe (Chrono Boost)  
  20  1:30  Probe (Chrono Boost)  
  21  1:37  Nexus  
  21  1:44  Cybernetics Core  
  21  1:50  Pylon  
  21  2:03  Gateway  
  21  2:12  Probe (Chrono Boost)  
  22  2:16  Pylon  
  22  2:21  Warp Gate  
  22  2:22  Probe (Chrono Boost)  
  23  2:29  Assimilator  
  23  2:33  Probe (Chrono Boost)  
  23  2:36  Stalker  
  26  2:43  Probe (Chrono Boost)  
  27  2:54  Probe (Chrono Boost)  
  27  2:57  Twilight Council  
  28  2:59  Stalker  
  28  3:03  Probe (Chrono Boost)  
  28  3:04  Probe (Chrono Boost)  
  32  3:14  Probe (Chrono Boost)  
  32  3:15  Probe (Chrono Boost)  
  32  3:19  Robotics Facility  
  34  3:24  Probe (Chrono Boost)  
  34  3:26  Probe (Chrono Boost)  
  36  3:35  Probe (Chrono Boost)  
  36  3:41  Blink (Chrono Boost)  
  37  3:48  Probe (Chrono Boost)  
  37  3:50  Probe (Chrono Boost)  
  37  3:54  Assimilator  
  39  3:59  Probe (Chrono Boost)  
  39  4:00  Probe (Chrono Boost)  
  39  4:01  Pylon  
  41  4:07  Gateway, Observer  
  42  4:10  Probe  
  42  4:11  Probe  
  44  4:21  Probe  
  44  4:24  Assimilator, Probe  
  46  4:28  Robotics Bay  
  46  4:31  Probe, Pylon  
  47  4:39  Probe  
  47  4:42  Probe  
  49  5:00  Stalker x2, Pylon  
  52  5:10  Forge  
  47  5:16  Stalker  
  49  5:27  Extended Thermal Lance (Chrono Boost)  
  49  5:31  Protoss Ground Weapons Level 1 (Chrono Boost)  
  49  5:34  Probe  
  49  5:35  Probe  
  51  5:39  Colossus (Chrono Boost)  
  57  5:46  Probe  
  57  5:47  Pylon  
  57  5:48  Probe  
  59  5:59  Probe  
  60  6:08  Sentry  
  62  6:21  Photon Cannon  
  62  6:30  Colossus (Chrono Boost)  
  68  6:34  Nexus  
  68  6:36  Pylon  
  68  6:38  Gateway  
  68  6:41  Gateway  
  68  6:44  Pylon  
  68  6:50  Robotics Facility  
  68  6:57  Probe x2  
  68  7:01  Charge  
  70  7:09  Probe x2  
  70  7:10  Stalker x2  
  76  7:21  Probe  
  75  7:24  Protoss Ground Weapons Level 2 (Chrono Boost)  
  75  7:28  Probe  
  76  7:33  Probe  
  77  7:38  Forge  
  83  7:45  Colossus (Chrono Boost)  
  83  7:46  Pylon  
  83  7:51  Photon Cannon  
  83  7:53  Assimilator, Probe  
  83  7:57  Assimilator  
  84  8:09  Immortal (Chrono Boost)  
  88  8:14  Probe  
  88  8:15  Probe x2  
  91  8:21  Zealot  
  91  8:22  Zealot x2, Pylon  
  97  8:27  Probe x2  
  97  8:30  Protoss Ground Armor Level 1 (Chrono Boost)  
  99  8:36  Probe  
  99  8:39  Probe  
  99  8:40  Probe  
  102  8:44  Stalker x2  
  106  8:56  Pylon  
  106  9:03  Colossus (Chrono Boost)  
  112  9:12  Probe  
  112  9:13  Probe x2  
  112  9:14  Nexus  
  115  9:27  Stalker, Immortal  
  121  9:38  Pylon  
  121  9:40  Gateway  
  121  9:41  Gateway  
  121  9:49  Templar Archives  
  121  10:04  Stargate  
  121  10:05  Protoss Ground Weapons Level 3 (Chrono Boost), Stargate  
  121  10:16  Protoss Air Weapons Level 1 (Chrono Boost)  
  121  10:21  Stalker x4  
  121  10:22  Stalker  
  131  10:52  Stalker x4  
  131  10:53  Stalker, Probe x2  
  131  10:55  Probe x2  
  145  11:06  Assimilator  
  145  11:10  Assimilator  
  145  11:13  Pylon  
  145  11:14  Fleet Beacon  
  145  11:21  Nexus  
  145  11:22  High Templar x3  
  145  11:23  High Templar x2  
  145  11:24  Pylon  
  155  11:34  Archon x2  
  155  11:35  Protoss Ground Armor Level 2  
  155  11:36  High Templar  
  157  11:56  Gateway  
  157  11:57  Archon, Gateway  
  157  11:59  Tempest x2 (Chrono Boost), Gateway  
  165  12:01  Pylon  
  165  12:22  Gateway  
  165  12:24  Gateway  
  165  12:26  Gateway  
  165  12:28  Zealot x2  
  165  12:29  Zealot  
  171  12:40  Tempest x2 (Chrono Boost)  
  171  12:41  Protoss Shields Level 1  
  179  12:45  Pylon  
  175  12:55  Nexus  
  175  12:57  Pylon  
  175  13:11  Assimilator  
  175  13:12  Zealot x3  
  179  13:13  Zealot x2  
  179  13:15  Assimilator  
  179  13:16  Zealot x2  
  189  13:23  Pylon  
  164  13:37  Stalker x5  
  164  13:38  Stalker x2  
  160  13:56  Assimilator  
  160  14:00  Assimilator  
  160  14:01  High Templar x6, Pylon  
  160  14:02  High Templar x4  
  180  14:18  Archon, Nexus  
  180  14:19  Archon x3  
  180  14:20  Archon  
  180  14:21  Zealot x3  
  158  14:46  Stalker  
  158  14:47  Stalker x8  
  158  14:48  Stalker  
Show
View Real Time Build Order
Export as new Build Order

Jhyrachy Zerg - Winner!

Build Orders: Hatch First 

Get SALT Encoding   

  12  0:02  Drone  
  13  0:14  Drone  
  14  0:20  Overlord  
  14  0:41  Drone x3  
  17  0:59  Drone  
  17  1:01  Extractor  
  17  1:03  Drone  
  18  1:05  Hatchery  
  17  1:31  Spawning Pool  
  16  1:36  Drone  
  17  1:42  Drone x2  
  19  2:10  Overlord  
  19  2:18  Queen  
  19  2:19  Zergling x2  
  19  2:20  Zergling x2  
  23  2:23  Drone  
  23  2:24  Extractor  
  23  2:26  Queen  
  23  2:28  Drone  
  26  2:36  Drone  
  27  2:55  Drone x4  
  27  2:58  Lair  
  31  3:21  Extractor x2, Drone x5  
  34  3:36  Overlord x2  
  34  3:47  Drone x2  
  36  4:00  Drone x4  
  40  4:12  Spire  
  39  4:17  Overlord x2  
  39  4:26  Queen  
  39  4:27  Queen  
  43  4:34  Overseer  
  43  5:02  Spore Crawler  
  43  5:04  Spore Crawler  
  41  5:24  Mutalisk x6  
  41  5:25  Mutalisk x6  
  65  5:52  Zerg Flyer Weapons Level 1  
  65  6:00  Hatchery  
  64  6:04  Evolution Chamber  
  64  6:06  Evolution Chamber  
  63  6:57  Zerg Missile Weapons Level 1  
  63  7:01  Evolution Chamber  
  62  7:04  Roach Warren  
  62  7:05  Hatchery  
  60  7:12  Mutalisk  
  60  7:13  Mutalisk x3  
  68  7:16  Overlord x2  
  68  7:43  Drone x3  
  68  7:44  Drone x3  
  73  7:46  Drone  
  73  7:47  Drone x3  
  78  8:26  Zerg Flyer Weapons Level 2  
  78  8:34  Queen  
  80  8:51  Drone x5  
  80  8:52  Drone x3  
  88  9:07  Zerg Missile Weapons Level 2  
  88  9:08  Zerg Ground Armor Level 1  
  88  9:09  Glial Reconstitution  
  88  9:23  Overlord x4  
  88  9:58  Mutalisk x4  
  88  9:59  Mutalisk x12  
  120  10:06  Drone x2  
  122  10:26  Hatchery  
  113  10:47  Hatchery  
  104  10:58  Zerg Flyer Armor Level 1  
  104  11:01  Mutalisk x6  
  115  11:15  Zerg Ground Armor Level 2  
  115  12:49  Queen  
  115  12:51  Queen  
  119  12:58  Extractor x2, Drone x2  
  117  12:59  Drone  
  117  13:00  Drone  
  117  13:01  Drone x2  
  117  13:02  Overlord x4  
  117  13:04  Pneumatized Carapace  
  123  13:17  Infestation Pit  
  118  14:04  Mutalisk  
  118  14:05  Mutalisk x12  
  118  14:06  Mutalisk x2  
Show
View Real Time Build Order
Export as new Build Order

GennaroBullo Terran - Winner!

Build Orders: MMM Bio 

Get SALT Encoding   

  12  0:01  SCV  
  13  0:13  SCV  
  14  0:19  Supply Depot  
  14  0:26  SCV  
  15  0:31  Refinery  
  15  0:40  SCV  
  16  0:51  Barracks  
  16  0:52  SCV  
  17  1:08  SCV  
  18  1:20  SCV  
  18  1:22  Barracks  
  18  1:25  Supply Depot  
  19  1:32  SCV  
  20  1:42  Barracks Tech Lab  
  20  1:44  SCV  
  21  1:52  Engineering Bay  
  21  2:06  Marine  
  22  2:18  Barracks Reactor, Factory  
  22  2:24  Marine  
  23  2:32  Refinery  
  23  2:33  Orbital Command  
  23  2:42  Marine  
  24  3:00  Marine  
  25  3:05  SCV  
  25  3:08  Terran Infantry Weapons Level 1  
  25  3:09  Command Center  
  25  3:11  Factory Tech Lab  
  26  3:18  Marine  
  27  3:26  Starport  
  27  3:40  Supply Depot  
  27  3:43  SCV  
  28  3:50  Marauder  
  30  4:03  Supply Depot  
  30  4:12  Marauder, SCV  
  33  4:24  Starport, Starport Reactor, SCV  
  34  4:33  Marauder  
  36  4:42  Refinery  
  36  4:44  SCV  
  37  4:56  SCV  
  37  5:01  Siege Tank  
  37  5:05  Terran Infantry Armor Level 1  
  39  5:08  SCV  
  39  5:14  Command Center  
  40  5:20  SCV  
  40  5:21  Missile Turret  
  41  5:22  SCV  
  41  5:32  SCV  
  41  5:35  SCV  
  43  5:41  Missile Turret  
  43  5:44  SCV  
  43  5:47  SCV  
  45  5:54  Stimpack  
  45  5:56  SCV  
  46  5:57  Missile Turret  
  46  5:59  SCV  
  46  6:02  Starport Tech Lab  
  47  6:04  Medivac  
  47  6:09  SCV  
  47  6:11  SCV  
  51  6:13  Supply Depot  
  51  6:21  SCV  
  51  6:23  SCV  
  52  6:27  Barracks  
  52  6:37  Supply Depot  
  52  6:39  Siege Tank  
  54  6:52  Marine, Armory  
  54  6:53  Marine x2  
  56  7:11  Siege Tank  
  56  7:14  Missile Turret  
  51  7:29  Marine x2, Marauder  
  48  7:33  Barracks Reactor  
  49  7:47  Marine x2  
  49  7:49  SCV  
  49  7:50  Marauder  
  55  7:52  Orbital Command  
  54  8:01  SCV  
  54  8:05  Marine x2  
  56  8:12  Marauder  
  59  8:13  SCV  
  60  8:23  Marine x2, Missile Turret  
  60  8:25  SCV  
  63  8:27  Missile Turret  
  63  8:37  SCV  
  63  8:38  Refinery  
  64  8:42  SCV  
  64  8:46  Command Center  
  65  8:54  SCV  
  66  8:56  Marine  
  66  8:57  Marine x4  
  66  8:59  Combat Shields  
  66  9:00  Terran Infantry Weapons Level 2  
  71  9:09  Factory  
  71  9:14  Marine x2  
  71  9:15  Marine  
  74  9:25  Refinery  
  74  9:46  Supply Depot  
  74  9:49  Supply Depot  
  74  9:53  Marine x3  
  74  9:54  Marauder  
  74  9:55  Refinery  
  74  9:56  Thor  
  85  10:03  Marine  
  86  10:10  Supply Depot  
  86  10:11  Marine x3  
  86  10:12  Supply Depot  
  89  10:15  Missile Turret  
  89  10:16  Marauder  
  89  10:20  Marine  
  89  10:21  Missile Turret  
  92  10:28  Marine  
  92  10:29  Marine x2, Starport  
  92  10:30  Factory Reactor  
  92  10:33  Supply Depot  
  96  10:36  Supply Depot  
  96  10:37  Marauder  
  96  10:38  Marine  
  96  10:39  Thor  
  96  10:40  Planetary Fortress  
  104  10:44  SCV x2  
  104  10:46  Marine  
  104  10:47  Marine x2  
  109  10:56  Marine, SCV x2  
  112  10:58  Marine  
  111  11:08  SCV x2  
  113  11:16  Marine, Terran Infantry Armor Level 2  
  114  11:22  SCV  
  114  11:24  SCV x2  
  117  11:34  SCV  
  118  11:41  Supply Depot  
  118  11:46  Hellbat x2, SCV  
  123  11:48  Starport Reactor  
  123  12:02  Engineering Bay  
  123  12:03  Marine  
  123  12:04  Marine x4, Supply Depot  
  123  12:07  Hellbat, Viking x3  
  123  12:08  Hellbat  
  138  12:21  Marine  
  139  12:28  Supply Depot  
  139  12:29  Hellbat  
  141  12:37  Viking x2  
  145  12:51  Raven  
  145  12:56  Command Center  
  147  13:29  Supply Depot  
  147  13:38  Supply Depot x2  
  147  13:40  Medivac x2  
  147  13:41  Medivac  
  153  13:44  Marine  
  153  13:45  Marine x3  
  153  13:46  Thor  
  163  13:48  Supply Depot  
Tags
 
Add a new tag
Caveats
  • Supply blocks, unpowered buildings, or Contaminate may cause inaccurate times.
  • Supply counts are checked every 10 seconds.